 Dungeon Crawl Stone Soup version 0.27-a0-860-gaf99fae3ca (webtiles) character file.

Game seed: 8536432979814713205

10735 jasper the Fighter (level 11, -2/87 HPs)
             Began as a Djinni Fire Elementalist on Apr 1, 2021.
             Was a High Priest of Cheibriados.
             Slain by a komodo dragon (31 damage)
             ... on level 2 of the Lair of Beasts.
             The game lasted 00:18:48 (14530 turns).

jasper the Fighter (Djinni Fire Elementalist)      Turns: 14530, Time: 00:18:49

Health: -2/87      AC:  6    Str: 18    XL:     11   Next: 66%
Gold:   1573       EV: 18    Int: 42    God:    Cheibriados [*****.] SH:  0 Dex: 26

rFire    + + +     SeeInvis .   d - +2 whip (vamp)
rCold    . . .     Faith    .   (no shield)
rNeg     . . .     Spirit   .   O - +2 robe {rC+ rF+}
rPois    ∞         Reflect  .   n - +1 helmet
rElec    .         Harm     .   (no cloak)
rCorr    .         Rampage  .   (no gloves)
Will     +....                  (boots unavailable)
Stlth    +++.......             (no amulet)
HPRegen  0.24/turn              B - +6 ring of intelligence
MPRegen  0.00/turn              D - +6 ring of intelligence

@: flying, very slow
A: fire resistance 2, cold vulnerability 1, float, innate caster, hp casting,
extra vitality 1
a: Renounce Religion, Bend Time, Temporal Distortion, Slouch, Step From Time


You were on level 2 of the Lair of Beasts.
You worshipped Cheibriados.
Cheibriados was extremely pleased with you.
You visited 3 branches of the dungeon, and saw 13 of its levels.

You collected 1573 gold pieces.

Inventory:

Hand Weapons
 d - a +2 vampiric whip (weapon)
 l - a +0 quarterstaff
 w - a +3 spectral club
Missiles
 g - 85 poisoned darts
 m - 2 curare-tipped darts
 y - 2 throwing nets
Armour
 a - a +0 robe
 i - the +1 leather armour "Gorruolu" {Int+4}
   (You found it on level 1 of the Lair of Beasts)

   It affects your intelligence (+4).
 n - a +1 helmet (worn)
 F - a +1 scale mail of positive energy
 O - a +2 robe of resistance (worn)
Jewellery
 o - a ring of flight
 s - a +4 ring of evasion
 t - a ring of fire
 B - a +6 ring of intelligence (left hand)
 D - a +6 ring of intelligence (right hand)
 H - a +6 ring of intelligence
 L - a +6 ring of intelligence
Wands
 v - a wand of acid (3)
 x - a wand of polymorph (29)
 G - a wand of paralysis (12)
 M - a wand of flame (18)
 N - a wand of charming (7)
Scrolls
 c - 5 scrolls of teleportation
 e - 4 scrolls of fear
 q - 2 scrolls of enchant armour
Potions
 b - a potion of flight {unknown}
 h - a potion of cancellation
 j - 2 potions of degeneration
 k - 2 potions of lignification
 p - 2 potions of invisibility
 r - a potion of brilliance
 z - a potion of resistance
 A - a potion of mutation
 E - 2 potions of haste {unknown}


   Skills:
 * Level 11.0 Fighting
 + Level 7.3 Dodging
 - Level 1.5 Stealth
 * Level 9.8 Spellcasting
 + Level 6.2 Invocations


You couldn't memorise any spells.
You knew the following spells:

 Your Spells              Type           Power      Damage    Failure   Level
a - Foxfire               Conj/Fire      100%       2x1d9     1%          1
b - Conjure Flame         Conj/Fire      80%        6-21      1%          3
c - Inner Flame           Hex/Fire       80%        N/A       1%          3
d - Sticky Flame          Conj/Fire      80%        2d9       1%          4
e - Fireball              Conj/Fire      40%        3d16      1%          5
f - Magic Dart            Conj           100%       1d8       1%          1
g - Searing Ray           Conj           100%       3d7       1%          2
h - Slow                  Hex            80%        N/A       1%          2
i - Olgreb's Toxic Radia  Pois           80%        N/A       1%          4
j - Borgnjor's Vile Clut  Necr/Erth      40%        N/A       1%          5
Your spell library was empty.

Dungeon Overview and Level Annotations

Branches:
Dungeon (9/15)             Temple (1/1) D:4            Lair (3/6) D:8
  Swamp: Lair:2-4    Shoals: Lair:2-4     Snake: Lair:2-4    Spider: Lair:2-4
    Orc: D:9-12

Altars:
Ashenzari
Cheibriados
Dithmenos
Elyvilon
Gozag
Hepliaklqana
Kikubaaqudgha
Makhleb
Nemelex Xobeh
Qazlal
Ru
Sif Muna
Trog
Vehumet
Wu Jian
Yredelemnul
Zin
The Shining One
Lugonu

Shops:
D:1 [

Annotations:
D:7 1 runed translucent door, snetch's ghost, novice DjFE


Innate Abilities, Weirdness & Mutations

You are immune to poison.
Your flesh is very heat resistant. (rF++)
You are vulnerable to cold. (rC-)
You float through the air rather than walking.
You learn spells naturally, not from books.
Your magical power is your life essence.
You have superior vitality. (+4 HP)


Message History

A komodo dragon comes into view.
A komodo dragon is nearby!
Casting: Foxfire (safe; 1% risk of failure)
Press: ? - help, Q - select action, (/) - cycle Dir - look around, f - activate You conjure some foxfire!
The komodo dragon hisses angrily.
* * * LOW HITPOINT WARNING * * *
You take 1 damage, and have 14/87 hp.
Casting: Foxfire (safe; 1% risk of failure)
Press: ? - help, Q - select action, (/) - cycle Dir - look around, f - activate You conjure some foxfire!
* * * LOW HITPOINT WARNING * * *
The foxfire hits the komodo dragon but does no damage.
The komodo dragon is engulfed in a cloud of scalding steam.
The foxfire hits the komodo dragon!
The komodo dragon is moderately wounded.
The foxfire hits the komodo dragon.
The komodo dragon is heavily wounded.
The foxfire hits the komodo dragon.
The komodo dragon is heavily wounded.
The komodo dragon is engulfed in a cloud of scalding steam.
You feel much better. The komodo dragon barely misses you.
You regained 17 hp, and now have 31/87 hp.
Casting: Foxfire (safe; 1% risk of failure)
Confirm with . or Enter, or press ? or * to list all spells.
Aiming: Sticky Flame (safe; 1% risk of failure)
Press: ? - help, Shift-Dir - straight line, f - komodo dragon
Aim: a komodo dragon (heavily wounded, 0% to evade)
The sticky flame hits the komodo dragon.
The komodo dragon is severely wounded.
The komodo dragon is covered in liquid flames!
The komodo dragon burns!
The komodo dragon barely misses you.
You take 4 damage, and have 27/87 hp.
You hit the komodo dragon but do no damage.
The komodo dragon is severely wounded.
The komodo dragon burns! x2; The komodo dragon closely misses you.
You hit the komodo dragon.
You feel better.
The komodo dragon is almost dead.
The komodo dragon burns!
The komodo dragon bites you!!
You die...

#....≈≈≈≈≈≈≈≈≈≈≈
#.##..≈≈≈§.≈≈≈≈..#P#
####.≈≈≈≈.<.≈≈≈......
#P.≈≈≈≈§§≈≈≈≈.......
##..≈≈≈≈§≈≈§≈.......
#..≈≈≈≈≈§§≈≈..)....
###.≈≈≈≈≈≈≈.#..≈P..
#.....l..#.#.≈≈P≈
###.#.@.†....P≈≈P
##.#.#.....P≈≈P
####...#.PP≈≈P #..##
≈≈P≈≈ #### ≈≈≈≈ ≈≈≈
≈≈ ≈


You could see a komodo dragon (burning).

Vanquished Creatures
  A hydra (Lair:1)
  Pikel (D:9)
  4 cane toads
  A komodo dragon (Lair:3)
  3 blink frogs (Lair:2)
  21 yaks
  A wraith (D:9)
  A wyvern (D:9)
  A shadow (D:8)
  A basilisk (Lair:3)
  A human (D:7)
  A steam dragon (D:6)
  4 water moccasins
  Duvessa (D:7)
  3 orc warriors (D:7)
  2 ice beasts
  2 centaurs
  2 ogres
  2 necrophages (D:7)
  4 lemures (D:9)
  A phantom (D:5)
  2 kobold brigands
  9 bullfrogs
  A scorpion (D:4)
  A water moccasin zombie (D:5)
  Dowan (D:7)
  3 water moccasin skeletons
  3 wights (D:8)
  4 centaur zombies
  A jelly (D:8)
  3 hounds
  6 orc priests
  A gnoll shaman (D:4)
  A human zombie (D:7)
  Ijyb (D:5)
  4 iguanas
  7 orc wizards
  A mummy (D:7)
  A howler monkey zombie (D:8)
  5 gnolls (D:4)
  2 howler monkey skeletons
  7 adders
  2 white imps (D:7)
  An ufetubus (D:5)
  A worm (D:3)
  2 dart slugs (D:2)
  35 orcs
  8 endoplasms
  2 giant cockroaches
  8 goblins
  5 hobgoblins
  6 jackals
  8 quokkas
  5 ball pythons
  A bat (D:3)
  A frilled lizard (D:2)
  A hobgoblin zombie (D:7)
  20 kobolds
  A kobold zombie (D:7)
  10 rats
239 creatures vanquished.

Vanquished Creatures (collateral kills)
  2 foxfires (Lair:3)
2 creatures vanquished.

Vanquished Creatures (others)
  A bush (D:5)
  777 foxfires
  4 fungi
  5 plants
787 creatures vanquished.

Grand Total: 1028 creatures vanquished

Notes
Turn   | Place    | Note
-------+----------+-------------------------------------------
     0 | D:1      | jasper the Djinni Fire Elementalist began the quest for the
                  | Orb.
     0 | D:1      | Reached XP level 1. HP: 15/15 MP: 0/0
   317 | D:1      | Reached skill level 1 in Fighting
   317 | D:1      | Reached XP level 2. HP: 19/22 MP: 0/0
   618 | D:1      | Found Hudof's Armour Shop.
   645 | D:1      | Found a faded altar of an unknown god.
  1425 | D:2      | Reached XP level 3. HP: 25/27 MP: 0/0
  1425 | D:2      | Learned a level 1 spell: Magic Dart
  1465 | D:2      | Noticed an ice beast
  1478 | D:2      | Killed an ice beast
  1479 | D:2      | Reached skill level 3 in Fighting
  1479 | D:2      | Reached XP level 4. HP: 29/35 MP: 0/0
  1517 | D:2      | Reached XP level 5. HP: 35/40 MP: 0/0
  1517 | D:2      | Learned a level 2 spell: Searing Ray
  2593 | D:3      | You are sucked into a shaft and drop 3 floors!
  2594 | D:6      | Noticed an ogre
  2599 | D:6      | Killed an ogre
  2600 | D:6      | Reached XP level 6. HP: 43/47 MP: 0/0
  2650 | D:6      | Reached skill level 4 in Fighting
  3076 | D:5      | Entered Level 5 of the Dungeon
  3285 | D:5      | Reached XP level 7. HP: 48/53 MP: 0/0
  3285 | D:5      | Learned a level 2 spell: Slow
  3297 | D:5      | Reached skill level 5 in Fighting
  3297 | D:5      | Reached skill level 5 in Spellcasting
  3881 | D:4      | Found a staircase to the Ecumenical Temple.
  3920 | Temple   | Entered the Ecumenical Temple
  3944 | Temple   | Became a worshipper of Cheibriados the Contemplative
  4514 | D:4      | Found a white marble altar of Elyvilon.
  4692 | D:4      | Found a broken altar of Ashenzari.
  4828 | D:4      | Reached * piety under Cheibriados
  4840 | D:4      | Reached skill level 6 in Fighting
  4840 | D:4      | Reached XP level 8. HP: 14/61 MP: 0/0
  5773 | D:5      | Reached ** piety under Cheibriados
  6190 | D:5      | Reached skill level 1 in Invocations
  6424 | D:5      | Noticed Ijyb
  6432 | D:5      | Killed Ijyb
  6688 | D:6      | Reached skill level 7 in Fighting
  7009 | D:6      | Found a sparkling altar of Nemelex Xobeh.
  7266 | D:7      | Found a runed translucent door.
  7266 | D:7      | Noticed snetch's ghost (novice DjFE)
  7277 | D:7      | Found a sand-covered staircase.
  7473 | D:7      | Reached XP level 9. HP: 60/68 MP: 0/0
  7473 | D:7      | Learned a level 4 spell: Olgreb's Toxic Radiance
  7838 | D:7      | Reached *** piety under Cheibriados
  8023 | D:7      | Found a sacrificial altar of Ru.
  8549 | D:7      | Reached skill level 8 in Fighting
  8669 | D:7      | Found a runed translucent door.
  8674 | D:7      | Found a basalt altar of Yredelemnul.
  8739 | D:7      | Noticed Dowan
  8744 | D:7      | Killed Dowan
  8753 | D:7      | Noticed Duvessa
  8759 | D:7      | Killed Duvessa
 10114 | D:8      | Reached XP level 10. HP: 74/77 MP: 0/0
 10241 | D:8      | Found a staircase to the Lair.
 10277 | D:8      | Reached skill level 5 in Dodging
 11005 | D:9      | Reached **** piety under Cheibriados
 11345 | D:9      | Reached skill level 9 in Fighting
 11638 | D:9      | Found a burning altar of Makhleb.
 11817 | D:9      | Found an ornate altar of the Wu Jian Council.
 11878 | D:9      | Noticed Pikel
 11888 | D:9      | Killed Pikel
 12418 | D:8      | Identified a scroll of acquirement
 12418 | D:8      | Acquired 962 gold pieces
 12619 | Lair:1   | Entered Level 1 of the Lair of Beasts
 12629 | Lair:1   | Reached skill level 5 in Invocations
 12775 | Lair:1   | Noticed a cane toad
 12779 | Lair:1   | Killed a cane toad
 12780 | Lair:1   | Reached skill level 10 in Fighting
 12917 | Lair:1   | Noticed a cane toad
 12925 | Lair:1   | Killed a cane toad
 12926 | Lair:1   | Reached XP level 11. HP: 49/85 MP: 0/0
 12926 | Lair:1   | Learned a level 5 spell: Borgnjor's Vile Clutch
 13131 | Lair:1   | Noticed a six-headed hydra
 13135 | Lair:1   | Killed a six-headed hydra
 13715 | Lair:1   | Identified the +1 leather armour "Gorruolu" {Int+4}
 14101 | Lair:2   | You are sucked into a shaft and drop 1 floor!
 14289 | Lair:3   | Reached ***** piety under Cheibriados
 14508 | Lair:2   | Reached skill level 11 in Fighting
 14530 | Lair:2   | Slain by a komodo dragon

Illustrated notes

Levels and vault maps discovered:
D:1:      tarquinn_simple_flora_water_d, layout_basic, serial_shops, shop,
          basic_ecumenical_altar
D:2:      layout_rooms
D:3:      minmay_bubble_buster, layout_loops_ring
D:4:      layout_cave_pods, amcnicky_altar_gilded, marbit_many_paths,
          lemuel_crystal_altar, minmay_temple_entry_junction,
          chequers_serial_rivers_micro_a, kennysheep_generic_room_6
D:5:      layout_rooms, kennysheep_orc_sif_temple, kb_lookout_dungeons_type,
          uniq_ijyb
D:6:      layout_gridville, nemelex_diamond_rough_becter
D:7:      layout_basic, dk_yredelemnul_ordeal, nicolae_ru_sacrificial_ziggurat,
          nicolae_ossuary_entry_giza, hellmonk_ghost_happy_afterlife,
          uniq_duvessa
D:8:      layout_layer_cave, lair_entry_dummy
D:9:      layout_loops_corners, pf_just_have_faith, lightli_temple_of_fire,
          fedhas_altar_fruit_tree, uniq_pikel
Temple:   corrupted_temple
Lair:1:   layout_chaotic_city, basic_altar, serial_bayou_crossing
Lair:2:   layout_concentric_octagons, portal_ice_cave_entry_pillars_2,
          grunt_megastairs_3, infiniplex_staircase_pool_2, serial_bayou_shore_a
Lair:3:   layout_gridlike, minmay_lair_oklob_chamber, uniq_nergalle

Skill      XL: |  1  2  3  4  5  6  7  8  9 10 11 |
---------------+----------------------------------+-----
Fighting       | 1 3 4 6 7 8 10 11 | 11.0
Spellcasting   | 3 4 5 6 7 9 |  9.8
Invocations    | 2 3 5 6 |  6.2
Dodging        | 3 4 6 7 |  7.3
Stealth        | |  1.5

Action                   |  1- 3 |  4- 6 |  7- 9 | 10-12 || total
-------------------------+-------+-------+-------+-------++-------
Melee: Unarmed           |       |     3 |       |       ||     3
       Quarterstaff      |       |       |     7 |       ||     7
       Club              |       |       |    26 |    28 ||    54
       Whip              |       |       |       |    12 ||    12
 Cast: Foxfire           |    41 |    83 |   287 |    82 ||   493
       Magic Dart        |       |    13 |     1 |     2 ||    16
       Searing Ray       |       |     3 |    18 |     3 ||    24
       Slow              |       |       |     1 |       ||     1
       Sticky Flame      |       |       |     9 |    22 ||    31
       Fireball          |       |       |     7 |    31 ||    38
       Olgreb's Toxic Ra |       |       |     4 |     5 ||     9
  Use: Scroll            |       |       |     1 |    16 ||    17
       Potion            |       |       |       |     4 ||     4
 Stab: Distracted        |       |       |     1 |       ||     1
       Sleeping          |       |       |       |     1 ||     1
Armor: Robe              |     2 |       |    11 |     9 ||    22
       Skin              |       |       |       |    13 ||    13
Dodge: Dodged            |     7 |     7 |    56 |    48 ||   118

Table legend: (Time is in decaauts)
 A = Elapsed time spent in this place.
 B = Non-inter-level travel time spent in this place.
 C = Inter-level travel time spent in this place.
 D = Time resting spent in this place.
 E = Time spent auto-exploring this place.
 F = Levels seen in this place.
 G = Mean time per level.
                   A        B        C        D        E       F      G
               +--------+--------+--------+--------+--------+-----+--------+
         Total |  17786 |  16941 |    845 |   2086 |  13157 |  13 | 1368.2 |
       Dungeon |  15267 |  14656 |    611 |   1442 |  11742 |   9 | 1696.3 |
        Temple |     39 |     26 |     13 |      0 |      8 |   1 |   39.0 |
          Lair |   2479 |   2259 |    220 |    644 |   1406 |   3 |  826.3 |
               +--------+--------+--------+--------+--------+-----+--------+

Top non-repeatable levels by time:
     D:8: 2797 daAuts
     D:7: 2547 daAuts
     D:9: 1912 daAuts
     D:5: 1822 daAuts
  Lair:1: 1801 daAuts
     D:4: 1636 daAuts
     D:1: 1395 daAuts
     D:6: 1346 daAuts
     D:3: 1214 daAuts
     D:2: 596 daAuts
  Lair:3: 428 daAuts
  Lair:2: 249 daAuts
  Temple: 39 daAuts
